 Dungeon Crawl Stone Soup version 0.25-b1-29-g4cfa5c7bda (webtiles) character file.

Game seed: 13009173284918618301, levelgen mode: deterministic

962 Edgeworth the Chopper (level 7, -13/63 HPs)
             Began as a Deep Dwarf Fighter on June 3, 2020.
             Mangled by an ogre
             ... wielding a +0 giant club
              (18 damage)
             ... on level 4 of the Dungeon.
             The game lasted 00:04:34 (2337 turns).

Edgeworth the Chopper (Deep Dwarf Fighter)          Turns: 2337, Time: 00:04:35

Health: -13/63     AC: 10    Str: 22    XL:     7   Next: 92%
Magic:  2/2        EV:  7    Int:  8    God:
Gold:   122        SH: 10    Dex: 12    Spells: 6/6 levels left

rFire    . . .     SeeInvis .   a - +0 war axe
rCold    . . .     Gourm    .   c - +0 kite shield
rNeg     . . .     Faith    .   p - +0 chain mail
rPois    +         Spirit   .   (no helmet)
rElec    .         Reflect  .   (no cloak)
rCorr    .         Harm     .   (no gloves)
MR       +....                  (no boots)
Stlth    ..........             t - amulet of magic regeneration
HPRegen  0.00/turn              u - ring of poison resistance
MPRegen  0.33/turn              m - ring of attention (curse)

@: non-regenerating
A: damage resistance, heal wounds, sense surroundings 1, no regeneration
a: Heal Wounds


You were on level 4 of the Dungeon.
You were not hungry.

You visited 1 branch of the dungeon, and saw 4 of its levels.

You collected 122 gold pieces.

Inventory:

Hand Weapons
 a - a +0 war axe (weapon)
Armour
 c - a +0 kite shield (worn)
 p - a +0 chain mail (worn)
Jewellery
 h - an uncursed ring of ice
 m - a cursed ring of attention (right hand)
 q - an uncursed ring of stealth
 t - an amulet of magic regeneration (around neck)
 u - a ring of poison resistance (left hand)
 v - an uncursed ring of stealth
Scrolls
 e - 2 scrolls of teleportation
 r - a scroll of enchant weapon
 w - 2 scrolls of blinking {unknown}
Potions
 b - 3 potions of curing {unknown}
 g - a potion of degeneration {unknown}
 i - a potion of brilliance {unknown}
 j - 3 potions of haste {unknown}
 k - a potion of resistance {unknown}
 l - 2 potions of mutation {unknown}
 n - a potion of ambrosia {unknown}
 o - a potion of stabbing {unknown}
 s - a potion of magic {unknown}
Comestibles
 d - 8 chunks of flesh
 f - 7 rations


   Skills:
 + Level 3.9 Fighting
 + Level 6.6 Axes
 + Level 5.8 Armour
 + Level 1.6 Dodging
 + Level 5.6 Shields


You had 6 spell levels left.
You didn't know any spells.
Your spell library was empty.

Dungeon Overview and Level Annotations

Branches:
Dungeon (4/15)             Temple (0/1) D:4

Altars:
Vehumet


Innate Abilities, Weirdness & Mutations

You are resistant to damage.
You can heal yourself by infusing magical energy.
You passively map a small area around you.
You do not regenerate.


Message History

You barely miss the ogre. You hit the plant. x2
The ogre hits you with a +0 giant club!!
* * * LOW HITPOINT WARNING * * *
You closely miss the ogre. You hit the plant.
You hit the plant but do no damage. You block the ogre's attack.
You hit the ogre.
The ogre is lightly wounded.
You hit the plant but do no damage. x2; You block the ogre's attack.
Your magical essence is drained by the effort!
You feel much better. The ogre completely misses you.
You hit the ogre.
The ogre is moderately wounded.
You hit the plant. You hit the plant but do no damage.
The ogre hits you with a +0 giant club!!
* * * LOW HITPOINT WARNING * * *
You slash the ogre!
The ogre is heavily wounded.
You hit the plant but do no damage. You hit the plant.
The ogre hits you with a +0 giant club!!
You die...

#..# #.....######...... ##.#
###...............##
#.#######..<...####..#######
#.##........................
#.....#...#....#############
###...#.....##### #
#####.......##PPP##
#......>.####P..!P# *
#........รท..@O.>.P##########.
#.......##..#P...P##.........
#....#.###..##PPP##..#######.
#....#.# ##.######.### #.
######## #..###...# #.
######.....########## ,
#....................
###..........##########
###.(.............#


You could see an ogre.

Vanquished Creatures
  Sigmund (D:4)
  3 yaks (D:4)
  A bullfrog (D:3)
  A hound (D:4)
  An orc priest (D:3)
  A bullfrog skeleton (D:4)
  Terence (D:2)
  2 iguanas (D:4)
  A worker ant (D:4)
  A hound skeleton (D:4)
  6 adders
  3 worms
  2 dart slugs
  5 leopard geckos
  8 orcs (D:3)
  4 goblins
  5 hobgoblins
  2 jackals (D:1)
  A quokka (D:4)
  A ball python (D:1)
  6 bats
  3 frilled lizards
  3 kobolds (D:2)
  A quokka skeleton (D:4)
  6 rats
69 creatures vanquished.

Notes
Turn   | Place    | Note
-------+----------+-------------------------------------------
     0 | D:1      | Edgeworth the Deep Dwarf Fighter began the quest for the
                  | Orb.
     0 | D:1      | Reached XP level 1. HP: 20/20 MP: 1/1
   208 | D:1      | Reached XP level 2. HP: 24/27 MP: 2/2
   871 | D:2      | Noticed Terence
   908 | D:2      | Killed Terence
   908 | D:2      | Reached XP level 3. HP: 15/34 MP: 3/3
   912 | D:2      | Reached skill level 3 in Axes
   949 | D:2      | Reached skill level 1 in Dodging
   949 | D:2      | Reached XP level 4. HP: 19/42 MP: 4/4
  1418 | D:3      | Reached XP level 5. HP: 29/49 MP: 4/4
  1452 | D:3      | Reached skill level 4 in Axes
  1963 | D:4      | Noticed Sigmund
  1976 | D:4      | Killed Sigmund
  1976 | D:4      | Reached skill level 5 in Axes
  1976 | D:4      | Reached XP level 6. HP: 38/56 MP: 3/3
  1994 | D:4      | Noticed a yak
  1996 | D:4      | Noticed a yak
  1999 | D:4      | Noticed a yak
  2004 | D:4      | Killed a yak
  2004 | D:4      | Reached skill level 5 in Shields
  2004 | D:4      | Reached XP level 7. HP: 39/62 MP: 4/4
  2012 | D:4      | Reached skill level 5 in Armour
  2013 | D:4      | Killed a yak
  2013 | D:4      | Reached skill level 6 in Axes
  2033 | D:4      | Killed a yak
  2272 | D:4      | Found a radiant altar of Vehumet.
  2330 | D:4      | Found a staircase to the Ecumenical Temple.
  2332 | D:4      | HP: 2/63 [ogre/+0 giant club (18)]
  2337 | D:4      | Mangled by an ogre

Illustrated notes

Levels and vault maps discovered:
D:1:      scummos_arrival_checkerplants, layout_loops_ring
D:2:      layout_basic, minmay_box_of_dots, uniq_terence
D:3:      layout_rooms
D:4:      layout_rooms, minmay_temple_entry_enclosed_plants,
          minmay_misc_feat_secret_circle, lemuel_tele_altar, uniq_sigmund

Skill      XL: |  1  2  3  4  5  6  7 |
---------------+----------------------+-----
Fighting       | 3 |  3.9
Axes           | 3 5 6 |  6.6
Dodging        | 1 |  1.6
Armour         | 4 5 |  5.8
Shields        | 4 5 |  5.6

Action                   |  1- 3 |  4- 6 |  7- 9 || total
-------------------------+-------+-------+-------++-------
Melee: War axe           |    84 |   141 |    58 ||   283
 Abil: Heal Wounds       |       |     3 |     4 ||     7
  Use: Scroll            |       |     2 |       ||     2
       Potion            |       |     1 |       ||     1
  Eat: Chunk             |       |     4 |     1 ||     5
Armor: Scale mail        |    32 |       |       ||    32
       Chain mail        |       |    69 |    18 ||    87
Dodge: Dodged            |    27 |    39 |     9 ||    75
Block: Kite shield       |    37 |    95 |    26 ||   158
